[Event "Early-Titled-Tuesday-Blitz-March-05-2024"]
[Site "Chess.com"]
[Date "2024.03.05"]
[Round "9"]
[White "KetiTsatsalashvili"]
[Black "klercaku"]
[Result "1/2-1/2"]
[WhiteElo "2483"]
[BlackElo "2218"]
[TimeControl "180+1"]
[EndTime "9:47:37 PST"]
[Termination "Game drawn by repetition"]

1. d4 d5 2. Nf3 e6 3. c4 Nf6 4. Nc3 Nbd7 5. cxd5 exd5 6. Bg5 Be7 7. e3 c6 8. Bd3 O-O 9. O-O Re8 10. Ne5 Nf8 11.
f4 h6 12. Bh4 a6 13. Rb1 Ng4 14. Bxe7 Qxe7 15. Re1 Qh4 16. Nxg4 Bxg4 17. Qd2 Qf6 18.
Qf2 Bf5 19. Qc2 Bxd3 20. Qxd3 Ng6 21. b4 b5 22. Rbc1 a5 23. a3 axb4 24. axb4 Qd6 25. Qb1 Ra3 26. Qb2 Rea8 27. Ra1 Rxa1 28. Rxa1 Rxa1+ 29.
Qxa1 Qxb4 30. Qa8+ Kh7 31. Qxc6 Ne7 32. Qc7 Nf5 33. Qe5 Qxc3 34. Qxf5+ Kg8 35. Kf2 b4 36. Qxd5 b3 37. Qa8+ Kh7 38. Qe4+ g6 39. Qe7 Qc4 40. Qb7 Qc2+ 41. Kg3 Qc4 42. d5 Kg7 43. d6 Qd3 44.
Kf3 Qd1+ 45. Kf2 Qd2+ 46. Kf3 b2 47. d7 Qd1+ 48. Kf2 Qd2+ 49. Kf3 Qd1+ 50. Kg3 b1=Q 51. Qxb1 Qxb1 52. d8=Q Qe1+ 53. Kf3 Qf1+ 54. Kg3 Qe1+ 55. Kf3 Qf1+ 56. Ke4 Qxg2+ 57. Ke5 Qxh2 58. Qf6+ Kg8 59. Qd8+ Kg7 60. Qf6+ Kg8 61. Qd8+ Kg7 1/2-1/2

[Event "Early-Titled-Tuesday-Blitz-March-05-2024"]
[Site "Chess.com"]
[Date "2024.03.05"]
[Round "9"]
[White "GaiozNigalidze"]
[Black "ChessLebaneseSalah"]
[Result "1-0"]
[WhiteElo "2707"]
[BlackElo "2569"]
[TimeControl "180+1"]
[EndTime "9:47:39 PST"]
[Termination "GaiozNigalidze won by checkmate"]

1. d4 Nf6 2. c4 e6 3. Nc3 Bb4 4.
Qb3 Bxc3+ 5. Qxc3 d5 6. Nf3 O-O 7. Bg5 b6 8. e3 Bb7 9. cxd5 Bxd5 10. Be2 Nbd7 11. Rc1 c5 12. b3 Rc8 13. Qb2 Bxf3 14. Bxf3 cxd4 15. Rxc8 Qxc8 16. exd4 Qa6 17. Be2 Qa5+ 18.
Bd2 Qf5 19. O-O Rc8 20. Rc1 Rxc1+ 21. Qxc1 h6 22. f3 Qd5 23. Qc8+ Kh7 24. Bd3+ g6 25. Qc3 e5 26. Bc4 Qd6 27. Qe3 g5 28. Bxf7 Kg7 29. dxe5 Nxe5 30. Bc4 a5 31. Be2 Nd5 32.
Qd4 Qc5 33. Qxc5 bxc5 34. Bxa5 Nf4 35. Bf1 Kf7 36. Bc3 Nd7 37. g3 Ng6 38. Kf2 Ke7 39. Bc4 Kd6 40. a4 Ne7 41. Bg7 Nc6 42. Bxh6 Nde5 43.
Bxg5 Nxc4 44. bxc4 Na5 45. h4 Nxc4 46. h5 Ke6 47. h6 Kf7 48. Ke2 Kg6 49. Bc1 Ne5 50. a5 c4 51. a6 Nc6 52. g4 Kh7 53. g5 Kg6 54. Kd2 Kh7 55. Kc2 Nb4+ 56. Kc3 Nxa6 57.
Kxc4 Nc7 58. Kd4 Ne6+ 59. Ke5 Nf8 60. f4 Ng6+ 61. Kf6 Nh4 62. f5 Kg8 63. g6 Nf3 64.
Bb2 Nd2 65. h7+ Kh8 66. Kf7# 1-0

[Event "Early-Titled-Tuesday-Blitz-March-05-2024"]
[Site "Chess.com"]
[Date "2024.03.05"]
[Round "9"]
[White "LornerAcosta"]
[Black "NewYearGirl"]
[Result "0-1"]
[WhiteElo "2624"]
[BlackElo "2418"]
[TimeControl "180+1"]
[EndTime "9:47:39 PST"]
[Termination "NewYearGirl won on time"]

1. Nf3 Nf6 2. c4 b5 3. cxb5 a6 4. bxa6 Bxa6 5. Nc3 c5 6. e3 Bxf1 7. Kxf1 Nc6 8. d4 d5 9. g3 c4 10. b3 Na5 11. bxc4 Nxc4 12. Kg2 e6 13. Nd2 Qc8 14. Qb3 Nd7 15. a4 Rb8 16. Nb5 Be7 17. Nxc4 dxc4 18.
Qc2 O-O 19. Bd2 Nf6 20. Rhc1 Qb7+ 21. f3 Rfc8 22. Rab1 Qa8 23. Kf2 Bd8 24. Rb4 Ba5 25. Rxc4 Rxc4 26. Qxc4 Bxd2 27. Rc2 Ba5 28. e4 h6 29. Ke2 Bb6 30. h3 Qa5 31. Rc3 Ra8 32. Ra3 Qa6 33. Ra2 Rc8 34. Qb3 Nd7 35. Qd3 Qa5 36.
Nd6 Rc3 37. Qb5 Qa7 38. Rd2 Bxd4 39. Nb7 Re3+ 40. Kd1 Ne5 41. f4 Nf3 42. Re2 Rxe2 43. Kxe2 Ng1+ 44. Kd3 Nxh3 45. a5 Bf6 46. e5 Be7 47. a6 Nf2+ 48. Ke2 Ng4 49. Nd6 Qe3+ 50. Kd1 Nf2+ 51. Kc2 Bxd6 52. exd6 Qe4+ 53. Kb3 Qd5+ 54. Kb4 Qxd6+ 55. Ka5 Nd3 56. a7 Qa3+ 57. Kb6 Qd6+ 58.
Kb7 Nc5+ 59. Qxc5 Qxc5 60. a8=Q+ Kh7 61. Qa2 Qd5+ 62. Qxd5 exd5 0-1

[Event "Early-Titled-Tuesday-Blitz-March-05-2024"]
[Site "Chess.com"]
[Date "2024.03.05"]
[Round "9"]
[White "mbchess97"]
[Black "mfschulz"]
[Result "1-0"]
[WhiteElo "2510"]
[BlackElo "2313"]
[TimeControl "180+1"]
[EndTime "9:47:39 PST"]
[Termination "mbchess97 won on time"]

1. c4 e5 2. g3 Nf6 3. Bg2 d5 4.
cxd5 Nxd5 5. Nf3 Nc6 6. Nc3 Nb6 7. O-O Be7 8. a4 a5 9. d3 O-O 10. Be3 Be6 11. Rc1 f5 12. Nb5 f4 13. Bc5 Bd5 14.
e4 fxe3 15. fxe3 Rf7 16. e4 Be6 17. d4 exd4 18. Nfxd4 Rxf1+ 19. Bxf1 Nxd4 20. Nxd4 Bxc5 21. Rxc5 Qd6 22. Rc1 Rf8 23. Nxe6 Qxe6 24. Rxc7 Qxe4 25. Bg2 Qe3+ 26. Kh1 Nxa4 27. b3 Nc3 28. Qa1 Qe5 29. Qxc3 Qxc3 30. Rxc3 b5 31. Kg1 Rd8 32. Rc5 a4 33. bxa4 bxa4 34. Rc2 Rd3 35. Ra2 a3 36. Kf2 Kf8 37. Ke2 Rb3 38. Bd5 Rb2+ 39. Kd3 Rxa2 40.
Bxa2 Ke7 41. Ke4 Kf6 42. Kf4 h5 43. h4 g6 44. Bb3 Kg7 45. Kg5 Kh7 46. Kf6 Kh6 47.
Ba2 Kh7 48. Bb1 Kh6 49. Ba2 Kh7 50. Be6 Kh6 51. Bf7 Kh7 52. Bxg6+ Kh6 53. Bb1 a2 54.
Bxa2 Kh7 55. Kg5 Kg7 56. Kxh5 Kh7 57. g4 Kg7 58. g5 Kh7 59. g6+ Kg7 60. Kg5 Kh8 61. Bb1 Kg7 62. h5 Kh8 63. h6 Kg8 64.
Ba2+ Kh8 65. g7+ 1-0

[Event "Early-Titled-Tuesday-Blitz-March-05-2024"]
[Site "Chess.com"]
[Date "2024.03.05"]
[Round "9"]
[White "BardArtem"]
[Black "maciek_92"]
[Result "0-1"]
[WhiteElo "2731"]
[BlackElo "2885"]
[TimeControl "180+1"]
[EndTime "9:47:43 PST"]
[Termination "maciek_92 won by checkmate"]

1. e4 c5 2. c3 Nf6 3. e5 Nd5 4. Nf3 Nc6 5. Bc4 e6 6. O-O Be7 7. Re1 O-O 8. d4 cxd4 9. cxd4 d6 10. Bd2 Qb6 11. Bxd5 exd5 12. Nc3 Be6 13. Na4 Qb5 14. Nc3 Qb6 15. Na4 Qb5 16. Nc3 Qxb2 17. Rb1 Qa3 18.
exd6 Qxd6 19. Rxb7 Rfb8 20. Rxb8+ Rxb8 21. Bg5 Bf8 22. Qd2 Qa3 23. Ne2 Bb4 24. Qc1 Qxa2 25.
Bd2 Rc8 26. Qa1 Qxa1 27. Rxa1 a5 28. Kf1 Bf5 29. Ke1 Re8 30. Kd1 Bd3 31. Nf4 Bc4 32. Be3 Bb3+ 33. Kc1 Rc8 34. Kb2 Bc4 35. Rc1 Rb8 36.
Ka1 a4 37. Nd2 Na5 38. Nxc4 dxc4 39. Nd5 Nb3+ 40. Kb2 Nxc1 41. Kxc1 Ba3+ 42. Kc2 Bd6 43. Nc3 a3 44. Bc1 f5 45. f3 Kf7 46. g4 g6 47. h4 Ke6 48. h5 fxg4 49. fxg4 gxh5 50. gxh5 Rg8 51. Ne4 Rg2+ 52. Kc3 Be7 53. Kxc4 Rc2+ 54.
Kd3 Rxc1 55. d5+ Kf7 56. h6 a2 57. d6 a1=Q 58. dxe7 Qa3+ 59. Kd4 Rd1+ 60. Ke5 Qxe7+ 61. Kf4 Rd4 62. Kf5 Qxe4+ 63. Kg5 Qg6# 0-1

[Event "Early-Titled-Tuesday-Blitz-March-05-2024"]
[Site "Chess.com"]
[Date "2024.03.05"]
[Round "9"]
[White "2KTNGO"]
[Black "Vse_po_kaify"]
[Result "1-0"]
[WhiteElo "2519"]
[BlackElo "2338"]
[TimeControl "180+1"]
[EndTime "9:47:44 PST"]
[Termination "2KTNGO won by checkmate"]

1. d4 Nf6 2. Nf3 e6 3. c4 b6 4. g3 Bb4+ 5. Bd2 Qe7 6. Bg2 Bb7 7. O-O Bxd2 8. Nbxd2 O-O 9. Qc2 d6 10. Rfd1 Nbd7 11.
e3 e5 12. b4 a5 13. b5 Bxf3 14. Bxf3 Rad8 15. Rac1 h6 16. Bc6 Nh7 17. Nf3 f5 18.
Bxd7 Rxd7 19. dxe5 dxe5 20. Rxd7 Qxd7 21. Nxe5 Qe6 22.
Nc6 Ng5 23. Qd1 Kh8 24. Qd5 Qg6 25. Kg2 h5 26. h4 Ne4 27. Ne5 Qe8 28. f3 Nf6 29.
Qd4 Kh7 30. Rd1 Qe6 31. Nc6 Re8 32. Kf2 Qf7 33. Qf4 g6 34. a4 Kg7 35. Rd2 Kh7 36. Qd4 Kh6 37. Ne5 Qe7 38. Nd3 Kh7 39. Nf4 Qa3 40.
Re2 Ng8 41. Nh3 g5 42. Nxg5+ Kg6 43. Qd5 Qe7 44. Nh3 Nf6 45. Nf4+ Kg7 46. Qc6 Kh7 47. e4 fxe4 48. fxe4 Ng4+ 49. Kg2 Qf7 50. e5 Nxe5 51.
Qe4+ Kg7 52. Nd5 Re6 53. Rf2 Qe8 54. Qf5 Ng6 55. Qg5 Re5 56. Qf6+ Kh6 57. Nf4 Re6 58. Nxe6 Qd7 59. Qg5+ Kh7 60. Qxg6+ Kh8 61. Rf8# 1-0

[Event "Early-Titled-Tuesday-Blitz-March-05-2024"]
[Site "Chess.com"]
[Date "2024.03.05"]
[Round "9"]
[White "NowInChess"]
[Black "UnTucopalaTimba"]
[Result "1-0"]
[WhiteElo "2234"]
[BlackElo "1992"]
[TimeControl "180+1"]
[EndTime "9:47:45 PST"]
[Termination "NowInChess won on time"]

1. e4 c6 2. d4 d5 3. exd5 cxd5 4. c4 Nf6 5. Nc3 Nc6 6. Bf4 Bg4 7. Be2 Bxe2 8. Ngxe2 dxc4 9. Qa4 e6 10. Qxc4 Be7 11. O-O O-O 12. Rad1 Nd5 13. Bg3 Bf6 14. Ne4 Be7 15.
a3 Rc8 16. Qd3 Nf6 17. Nc5 b6 18. Ne4 Nxe4 19. Qxe4 Bf6 20. Rd2 Ne7 21. Qb7 a5 22.
Qe4 Nd5 23. Re1 b5 24. f4 Qd7 25. Rf1 b4 26. axb4 Nxb4 27. h3 Rfe8 28. Bf2 Nd5 29. Ng3 Qd6 30. Be3 Nxe3 31. Qxe3 Red8 32. Rfd1 Qd5 33. Kh1 h6 34. Qf2 a4 35. f5 exf5 36. Nxf5 Ra8 37. Nxh6+ Kf8 38. Nf5 Bg5 39. Re2 a3 40.
bxa3 Rxa3 41. Re5 Rxh3+ 42. Kg1 Qxe5 43. gxh3 Qf4 44. Qxf4 Bxf4 45. Kg2 Bg5 46. d5 g6 47. Ng3 Bf4 48. Ne4 Be5 49. Nc5 Bd6 50. Nd3 Ke7 51. Nf2 Kf6 52. Ne4+ Ke5 53. Ng5 f5 54. Ne6 Ra8 55.
Kf3 Ra3+ 56. Kg2 Kf6 57. Rd2 Rg3+ 58. Kf2 Rxh3 59. Rd4 Rh2+ 60. Kg1 Ra2 61. Rc4 Ke5 62.
Nc7 Ra1+ 63. Kg2 Ra2+ 64. Kf3 1-0

[Event "Early-Titled-Tuesday-Blitz-March-05-2024"]
[Site "Chess.com"]
[Date "2024.03.05"]
[Round "9"]
[White "Sofiia_Hryzlova"]
[Black "GWR2024"]
[Result "1-0"]
[WhiteElo "2499"]
[BlackElo "2164"]
[TimeControl "180+1"]
[EndTime "9:47:47 PST"]
[Termination "Sofiia_Hryzlova won on time"]

1. e4 e5 2. Nf3 d5 3. exd5 e4 4. Qe2 Nf6 5. Nc3 Be7 6. Nxe4 O-O 7. d3 Re8 8. Be3 Nxd5 9. O-O-O f5 10. Nc3 Nxc3 11. bxc3 f4 12. d4 fxe3 13. fxe3 Bg5 14. Ne5 Be6 15. h4 Bf6 16. Qb5 Nd7 17. Bc4 c6 18.
Qxb7 Bxc4 19. Nxc4 Nb6 20. Na5 Nd5 21. Nxc6 Qd6 22.
Nb4 Nxc3 23. Rd3 Qxb4 24. Qxb4 Nxa2+ 25. Kd2 Nxb4 26. Rb3 Nd5 27. g4 Rad8 28. g5 Be7 29.
Ra1 Bd6 30. Rxa7 Nxe3 31. Rbb7 Bf8 32. c3 Nf5 33. h5 Re4 34. g6 hxg6 35. hxg6 Rg4 36.
Ra6 Nh4 37. Rbb6 Be7 38. Kd3 Bf6 39. Rb7 Rxg6 40. Raa7 Rg3+ 41. Ke4 Rg4+ 42. Kd3 Re8 43. d5 Rg3+ 44. Kd2 Nf5 45. c4 Bd4 46. Ra6 Nh4 47.
Re6 Rf8 48. d6 Rf2+ 49. Re2 Bc3+ 50. Kd1 Rg1+ 51. Kc2 Rxe2+ 52. Kxc3 Rg4 53. d7 Re3+ 54. Kd2 Rd4+ 55. Kxe3 Nf5+ 56. Kf3 Kh7 57. c5 Kg6 58. c6 Ne7 59. Rc7 1-0

[Event "Early-Titled-Tuesday-Blitz-March-05-2024"]
[Site "Chess.com"]
[Date "2024.03.05"]
[Round "9"]
[White "Herzog2012"]
[Black "Hui_Li_Macau"]
[Result "1-0"]
[WhiteElo "2511"]
[BlackElo "2388"]
[TimeControl "180+1"]
[EndTime "9:47:47 PST"]
[Termination "Herzog2012 won by resignation"]

1. e4 e5 2. Nf3 Nf6 3. Nxe5 d6 4. Nf3 Nxe4 5. Nc3 Nxc3 6. dxc3 Be7 7. Be3 Nc6 8. Qd2 Be6 9. O-O-O Qd7 10. Nd4 Nxd4 11. cxd4 d5 12. Bd3 O-O 13. h4 Bf5 14. h5 Bf6 15. f3 Rfe8 16. g4 Bxd3 17. Qxd3 Qe7 18.
Rde1 h6 19. Qf5 Qe6 20. Qxe6 Rxe6 21. Bf4 Rxe1+ 22. Rxe1 c6 23. c3 Kf8 24. Bd6+ Kg8 25. Kd2 Rd8 26. Be7 Rd7 27. Bxf6 gxf6 28. Re8+ Kg7 29.
Ke3 f5 30. gxf5 Kf6 31. Kf4 b6 32. Rh8 Kg7 33. Rc8 c5 34. dxc5 bxc5 35. Rxc5 d4 36. cxd4 Rxd4+ 37. Ke5 Rd2 38. f6+ Kg8 39. Rc8+ Kh7 40.
Rc7 Rxb2 41. Rxf7+ Kg8 42. Rxa7 Kf8 43. Ke6 Rb6+ 44.
Kf5 Rb2 45. a4 Rh2 46. Kg6 Rg2+ 47. Kxh6 Rg3 48. a5 Rxf3 49. Kg5 Rg3+ 50. Kf4 Rh3 51. Kg4 Rh1 52. a6 Rg1+ 53. Kf5 Rf1+ 54. Kg6 Rg1+ 55. Kf5 Rf1+ 56. Ke5 Rh1 57. Rh7 Re1+ 58. Kd4 Rd1+ 59. Kc3 Ra1 60. a7 Kg8 61. Rb7 1-0

[Event "Early-Titled-Tuesday-Blitz-March-05-2024"]
[Site "Chess.com"]
[Date "2024.03.05"]
[Round "9"]
[White "viniciusrego"]
[Black "Evgeny81"]
[Result "1/2-1/2"]
[WhiteElo "2425"]
[BlackElo "2777"]
[TimeControl "180+1"]
[EndTime "9:47:48 PST"]
[Termination "Game drawn by stalemate"]

1. Nf3 c5 2. b3 Nf6 3. Bb2 e6 4. c4 Be7 5. g3 b6 6. Bg2 Bb7 7. d4 cxd4 8. Qxd4 Nc6 9. Qd2 O-O 10.
O-O d5 11. cxd5 Qxd5 12. Qf4 Qf5 13. Qxf5 exf5 14. Nbd2 Rac8 15. Rac1 Rfd8 16. Nc4 Ne4 17. Ne3 g6 18. a3 Na5 19. b4 Nb3 20. Rxc8 Bxc8 21.
Rd1 Rxd1+ 22. Nxd1 Ba6 23. e3 Be2 24. Nc3 Bf6 25. Na4 Bxb2 26. Nxb2 Ned2 27. Ne5 Kg7 28. Bd5 f6 29. Nc6 a5 30. Na4 Bc4 31. Nxb6 Bxd5 32.
Nxd5 a4 33. Na7 Nc4 34. Nb5 Nbd2 35. Ndc3 Nf3+ 36. Kg2 Ne1+ 37. Kf1 Nf3 38. Nxa4 Nxh2+ 39. Ke2 h5 40. Nc5 g5 41. a4 h4 42. gxh4 gxh4 43.
a5 h3 44. Ne6+ Kf7 45. Nf4 Ng4 46. Nxh3 Nge5 47. Nf4 Nc6 48. Nd3 Ke7 49. a6 Kd7 50. a7 Nb6 51. Nc5+ Kc8 52. Nd6+ Kc7 53. Nxf5 Nxb4 54.
Ne4 Nc6 55. Nxf6 Nxa7 56. Ne7 Kd6 57. Neg8 Ke6 58. e4 Nc6 59. f4 Kf7 60. Kf3 Nc4 61. Kg4 Ne3+ 62. Kg5 Nd4 63. Nh6+ Kg7 64. Nf5+ Nexf5 65. exf5 Nf3+ 66. Kg4 Kxf6 67. Kxf3 Kxf5 68. Ke3 Kf6 69. Ke4 Ke6 70. f5+ Kf6 71. Kf4 Kf7 72.
Ke5 Ke7 73. f6+ Kf7 74. Kf5 Kf8 75. Ke6 Ke8 76. f7+ Kf8 77. Kf6 1/2-1/2

[Event "Early-Titled-Tuesday-Blitz-March-05-2024"]
[Site "Chess.com"]
[Date "2024.03.05"]
[Round "9"]
[White "Kobalia"]
[Black "Antipov_Mikhail_Al"]
[Result "1/2-1/2"]
[WhiteElo "2817"]
[BlackElo "2942"]
[TimeControl "180+1"]
[EndTime "9:47:50 PST"]
[Termination "Game drawn by repetition"]

1. e4 c5 2. Nf3 e6 3. g3 Nc6 4.
Bg2 Nf6 5. Qe2 e5 6. O-O Be7 7. Nc3 d6 8. Nd5 Bg4 9. c3 Qd7 10. d3 h6 11. Ne3 Be6 12. Rd1 O-O 13. d4 cxd4 14. cxd4 exd4 15. Nxd4 Nxd4 16. Rxd4 Ng4 17. Nf5 Ne5 18. Nxe7+ Qxe7 19. Bf4 Rac8 20. b3 Rc6 21. Rc1 Rfc8 22. Rxc6 Rxc6 23. h3 Qc7 24. Kh2 f6 25. Rd2 Rc1 26. Rxd6 Qxd6 27. Bxc1 Qd3 28. Qxd3 Nxd3 29. Be3 Nb4 30. a3 Nc2 31. Bxa7 Nxa3 32. b4 b5 33. f4 Bc4 34.
Bc5 Nc2 35. e5 fxe5 36. fxe5 Kf7 37. Be4 Ne1 38. g4 Ke6 39. Bd6 Bd5 40. Bf5+ Kf7 41.
Bd7 Bc4 42. Kg3 Nd3 43. h4 g5 44. h5 Nf4 45. Bf5 Ne6 46. Bg6+ Kg7 47. Kf3 Nd4+ 48. Ke4 Ne6 49. Bf5 Kf7 50. Bg6+ Kg7 51. Ke3 Nf4 52. Bf5 Kf7 53. Bd7 Ne6 54. Ke4 Kg7 55. Bc6 Kf7 56. Bd5 Bf1 57. Ke3 Bh3 58. Kf3 Bf1 59. Kf2 Bd3 60. Ke3 Bf1 61. Bxe6+ Kxe6 62. Bf8 Bh3 63. Kf3 Kxe5 64. Bxh6 Kf6 65. Bf8 Bf1 66.
h6 Kg6 67. Bg7 Bc4 68. Kg3 Kh7 69. Bf8 Kg6 70. Bg7 Kh7 71. Bf8 Kg6 72. Bg7 1/2-1/2

[Event "Early-Titled-Tuesday-Blitz-March-05-2024"]
[Site "Chess.com"]
[Date "2024.03.05"]
[Round "9"]
[White "andrzej"]
[Black "carloseduar100"]
[Result "0-1"]
[WhiteElo "2511"]
[BlackElo "2376"]
[TimeControl "180+1"]
[EndTime "9:47:54 PST"]
[Termination "carloseduar100 won on time"]

1. e4 e6 2. d4 d5 3. Nc3 Nf6 4. e5 Nfd7 5. f4 c5 6. Nf3 Nc6 7. Be3 Qb6 8. Na4 Qc7 9. Nxc5 Nxd4 10. Nxd4 Bxc5 11. Bd3 g6 12. O-O Qb6 13. Bb5 a6 14. Bxd7+ Bxd7 15. Rb1 Rc8 16. b4 Bxd4 17. Bxd4 Qc7 18.
c3 O-O 19. Qe1 Qc4 20. Qh4 Qxa2 21. Rbe1 Qd2 22. Rf3 f5 23. exf6 Rf7 24. Ref1 Rc4 25. Be5 Re4 26. Qg5 Re1 27. h4 Bb5 28. Rxe1 Qxe1+ 29. Kh2 Qe4 30. Rg3 Qf5 31. Qxf5 exf5 32. h5 Be8 33. hxg6 hxg6 34. Rd3 Bc6 35. Kg3 Rh7 36. c4 dxc4 37. Rd8+ Kf7 38. Rc8 Ke6 39. Rg8 Kf7 40. Rg7+ Rxg7 41. fxg7 Kg8 42. Kf2 b6 43. g3 a5 44. bxa5 bxa5 45. Bc3 a4 46. Ke3 Bd5 47. Kd4 Bf7 48. Kc5 Kh7 49. Kb4 Kh6 50. Kxa4 Kh5 51. Kb4 Kg4 52. Be1 Kf3 53. Kc3 Ke2 54. Bd2 Kf2 55.
Kd4 Kxg3 56. Bc3 Kxf4 57. Kc5 Kg5 58. Kd6 Kh6 59. Ke7 Bd5 60. Kf8 Kh7 61. Be5 g5 62. Ke7 f4 63. Kf6 f3 0-1

[Event "Early-Titled-Tuesday-Blitz-March-05-2024"]
[Site "Chess.com"]
[Date "2024.03.05"]
[Round "9"]
[White "xasid81"]
[Black "RobertoJBM"]
[Result "0-1"]
[WhiteElo "2570"]
[BlackElo "2824"]
[TimeControl "180+1"]
[EndTime "9:47:56 PST"]
[Termination "RobertoJBM won by resignation"]

1. d4 d5 2. c3 Nf6 3. h3 Bf5 4. Nf3 e6 5. Qb3 Qc8 6. Bf4 Bd6 7. Bxd6 cxd6 8. e3 O-O 9. Be2 Nbd7 10. Nbd2 a6 11. O-O Qc7 12. Rfc1 Rfc8 13. Qd1 b5 14. a4 Qb6 15. axb5 axb5 16. Qb3 Rab8 17. Qb4 Rc7 18. Qa5 Qxa5 19. Rxa5 b4 20. c4 Kf8 21. Rca1 dxc4 22. Nxc4 Ke7 23. Ra7 Rxa7 24. Rxa7 Be4 25. Nfd2 Bd5 26. Bf3 Bxf3 27. Nxf3 Nd5 28. e4 Nb6 29. Nxb6 Rxb6 30. e5 f6 31. Kf1 Rc6 32. Rb7 Rc1+ 33. Ne1 fxe5 34. dxe5 dxe5 35. Rxb4 Nc5 36.
Rg4 Nd3 37. Ke2 Nxe1 38. Rxg7+ Kd6 39. g3 Rb1 40. Rxh7 Nc2 41. Rb7 Nd4+ 42. Kd2 Rf1 43. Rf7 e4 44. h4 Ke5 45. h5 Rb1 46. h6 Rh1 47. h7 Nf3+ 48. Kc2 Ng5 49. Ra7 Nxh7 50. b4 Nf6 51. Kb3 Nd5 52. b5 Rf1 53.
Ra2 Kd4 54. Ra4+ Ke5 55. Ra2 Rb1+ 56. Kc4 Rc1+ 57. Kb3 Rc5 58. Ra5 Rc8 59. Ra1 Kd4 60. Ra4+ Ke5 61. Ra1 Rf8 62. Ra2 Kd4 63. Ra4+ Ke5 64. Ra2 Rb8 65. Kc4 Rc8+ 66. Kb3 Nb6 67. Re2 Nd7 68. f4+ Kd6 69. Rxe4 Nc5+ 70. Kb4 Nxe4 0-1

[Event "Early-Titled-Tuesday-Blitz-March-05-2024"]
[Site "Chess.com"]
[Date "2024.03.05"]
[Round "9"]
[White "goldihouse"]
[Black "esrosenberg"]
[Result "1-0"]
[WhiteElo "2643"]
[BlackElo "2455"]
[TimeControl "180+1"]
[EndTime "9:48:01 PST"]
[Termination "goldihouse won by resignation"]

1. c4 e6 2. g3 d5 3. Bg2 d4 4. Nf3 Nc6 5. O-O e5 6. d3 Be7 7. e3 Nf6 8. exd4 exd4 9. Na3 O-O 10. Bf4 a6 11. Re1 h6 12. Ne5 Nxe5 13. Bxe5 Bf5 14. Nc2 c5 15. Bxb7 Ra7 16. Bg2 Qd7 17. Rb1 Ng4 18. Bf4 g5 19. Bc1 Bg6 20. Be4 f5 21. Bd5+ Kg7 22. f4 Nf6 23. Bf3 g4 24. Bg2 h5 25.
Bd2 h4 26. b4 hxg3 27. hxg3 Rh8 28. Qe2 Bf7 29. bxc5 Bxc5 30. Qe5 Be7 31. Bb4 Bxb4 32. Rxb4 Re8 33. Qa5 Rxe1+ 34. Nxe1 Qe7 35. Nc2 Qe2 36. Rb2 Qxd3 37. Qe5 Bxc4 38. Qxd4 Rd7 39. Qxd3 Rxd3 40. Kf2 Rd2+ 41. Kg1 Ne4 42. Rb7+ Kg6 43. Ne3 Be2 44. Rb6+ Kf7 45. Nxf5 Bf3 46. Nh4 Rd1+ 47. Kh2 Rd2 48. Rb7+ Kf6 49. Rb6+ Kf7 50. Rxa6 Bxg2 51. Nxg2 Nc3 52.
Kg1 Nxa2 53. Ne3 Nc3 54. Nxg4 Ne2+ 55. Kf2 Nxf4+ 56. Ke3 Rd3+ 57. Kxf4 Rd4+ 58. Kg5 Rd5+ 59. Kf4 Rd4+ 60. Kf5 Rd5+ 61. Ne5+ Ke7 62. g4 Rd1 63. Ra7+ Ke8 64. Ke6 Kd8 65. g5 Kc8 66. g6 Kb8 67. Rf7 Rg1 68. g7 Kc8 69. Rf8+ Kc7 70. g8=Q Rxg8 71.
Rxg8 1-0

[Event "Early-Titled-Tuesday-Blitz-March-05-2024"]
[Site "Chess.com"]
[Date "2024.03.05"]
[Round "9"]
[White "Yeritsyaan"]
[Black "Rodalquilar"]
[Result "1-0"]
[WhiteElo "2630"]
[BlackElo "2795"]
[TimeControl "180+1"]
[EndTime "9:48:08 PST"]
[Termination "Yeritsyaan won on time"]

1. c4 e6 2. Nf3 d5 3. d4 Nf6 4. Nc3 a6 5. cxd5 exd5 6. Bf4 Bd6 7. Bxd6 Qxd6 8. e3 O-O 9. Bd3 Bg4 10. h3 Bxf3 11.
Qxf3 Nbd7 12. O-O Rfe8 13. a3 a5 14. Rac1 c6 15. Rfd1 Qe7 16. g3 Qe6 17. Bf5 Qd6 18. Kg2 Nb6 19. Bd3 a4 20. g4 Qe7 21. Ne2 Ne4 22. Ng3 Nd6 23. Nf5 Nxf5 24. Qxf5 g6 25. Qf4 Nc8 26. Rc2 Nd6 27. Rdc1 Kg7 28. Rc5 Qf6 29.
Qxf6+ Kxf6 30. h4 h5 31. g5+ Kg7 32. Kg3 f6 33. gxf6+ Kxf6 34. Rg1 Rg8 35. f4 Nf5+ 36. Kf2 Nxh4 37. Rg5 Rh8 38. Rc1 Rag8 39. Rcg1 Kf7 40. Rh1 Nf5 41. Bxf5 gxf5 42. Rxf5+ Ke6 43. Rfxh5 Rxh5 44. Rxh5 Rg7 45. Kf3 Kd6 46. Rh6+ Kc7 47. f5 Rg1 48.
Kf4 Rf1+ 49. Ke5 Rf3 50. e4 Re3 51. Rh4 Re2 52. f6 dxe4 53. Rxe4 Rf2 54. Ke6 Kd8 55.
Kf7 Kd7 56. Kg7 Rg2+ 57. Kf8 Rxb2 58. f7 Rg2 59. Re7+ Kd6 60. Rxb7 Kd5 61. Ke8 Re2+ 62. Re7 Rf2 63. f8=Q Rxf8+ 64. Kxf8 Kxd4 65. Ra7 c5 66. Rxa4+ c4 67. Ra8 Kc3 68. Rc8 Kb3 69. a4 c3 70.
a5 c2 71. a6 c1=Q 72. Rxc1 1-0

[Event "Early-Titled-Tuesday-Blitz-March-05-2024"]
[Site "Chess.com"]
[Date "2024.03.05"]
[Round "9"]
[White "crazy_m_attack"]
[Black "EvgenyBurmakin"]
[Result "1-0"]
[WhiteElo "2480"]
[BlackElo "2347"]
[TimeControl "180+1"]
[EndTime "9:48:11 PST"]
[Termination "crazy_m_attack won by resignation"]

1. e4 c5 2. Nf3 d6 3. d4 cxd4 4. Nxd4 Nf6 5. Nc3 a6 6. f3 e5 7. Nb3 Be6 8. Be3 Be7 9. Qd2 Nbd7 10. g4 b5 11. O-O-O O-O 12. g5 b4 13. gxf6 bxc3 14. Qxc3 Nxf6 15. Na5 Qd7 16. Nc6 Rfc8 17. Nxe7+ Qxe7 18. Qa5 Ne8 19. Rg1 Qf6 20. Rg3 Qh4 21. Rd2 Nf6 22.
Bd3 h6 23. Rg1 d5 24. Rdg2 g6 25. exd5 Nxd5 26. Bd2 Nf4 27. Bxf4 Qxf4+ 28. Kb1 Bf5 29. Bxf5 Qxf5 30. Rf1 Kg7 31. Qd2 Rc6 32. a3 Rac8 33.
Qd1 Qf4 34. Rd2 h5 35. Re1 h4 36. Re4 Qg5 37. Rg4 Qf5 38. Rxh4 Rf6 39. Re4 Qxf3 40. Qxf3 Rxf3 41. Rxe5 Rf1+ 42. Ka2 Rc1 43. c3 Rh1 44. Re7 Rf8 45. Ra7 Kh6 46. Rxa6 f5 47. Rb6 f4 48.
Rg2 Rg8 49. Rf6 Rf1 50. Rg4 f3 51. Rgf4 Kg5 52. Rxf3 Rh1 53. h3 Rxh3 54. Rxh3 Kxf6 55. a4 g5 56. Rg3 g4 57. a5 Kf5 58. b4 Kf4 59. Rg1 Kf3 60. Kb3 Kf2 61. Ra1 g3 62. a6 Re8 63. b5 g2 64. Ra2+ Re2 65. Ra1 Re1 66. Ra2+ Re2 67. Rxe2+ Kxe2 68. a7 g1=Q 69.
a8=Q Qb1+ 70. Kc4 Qe4+ 71. Qxe4+ Kd2 72. b6 Kc1 73. b7 Kd2 74. b8=Q 1-0

[Event "Early-Titled-Tuesday-Blitz-March-05-2024"]
[Site "Chess.com"]
[Date "2024.03.05"]
[Round "9"]
[White "AEMEffi"]
[Black "Preobrazhenska_D2011"]
[Result "1/2-1/2"]
[WhiteElo "2327"]
[BlackElo "2432"]
[TimeControl "180+1"]
[EndTime "9:48:12 PST"]
[Termination "Game drawn by repetition"]

1. d4 Nf6 2. c4 e6 3. Nc3 Bb4 4. e3 O-O 5. Ne2 c6 6. a3 Ba5 7. g3 d5 8. cxd5 exd5 9. Bg2 Bf5 10. O-O Nbd7 11. f3 Bg6 12. Nf4 Re8 13. Nxg6 hxg6 14. b4 Bc7 15. e4 Nf8 16. e5 N6d7 17. f4 Ne6 18. f5 gxf5 19. Rxf5 Bb6 20. Be3 g6 21. Rf1 Nxe5 22. Kh1 Nc4 23. Bg1 Qg5 24. Qf3 Re7 25. Rad1 Nd2 26. h4 Nxf3 27. hxg5 Nfxg5 28. Na4 Bc7 29. Bf2 Kg7 30. Rfe1 Rh8+ 31. Kg1 Ree8 32. Nc5 Nxc5 33. dxc5 Ne4 34. Bxe4 dxe4 35. Bd4+ f6 36. Bf2 Re7 37. Rd4 Rhe8 38. Re3 f5 39. Kg2 Be5 40. Rd1 Bf6 41. a4 g5 42. b5 f4 43. gxf4 gxf4 44. Rh3 e3 45. Be1 e2 46. Rdd3 Kf7 47. Kf3 Re3+ 48.
Kxf4 Rxd3 49. Rxd3 Be5+ 50. Kf3 Bb8 51. bxc6 bxc6 52.
Re3 Rxe3+ 53. Kxe3 Be5 54. Kxe2 Bd4 55. Bb4 Ke6 56.
Kd3 Kd5 57. a5 Bxc5 58. Bd2 Ba3 59. a6 Bc5 60. Kc3 Bb6 61. Kb4 Ke4 62. Kc4 Ke5 63. Bc3+ Kd6 64. Bb4+ c5 65. Bd2 Kc6 66. Be3 Kd6 67. Bf2 Kc6 68. Be3 Kd6 69. Bf2 Kc6 70. Be3 1/2-1/2

[Event "Early-Titled-Tuesday-Blitz-March-05-2024"]
[Site "Chess.com"]
[Date "2024.03.05"]
[Round "9"]
[White "Arystanner"]
[Black "Abund"]
[Result "1/2-1/2"]
[WhiteElo "2893"]
[BlackElo "2772"]
[TimeControl "180+1"]
[EndTime "9:48:26 PST"]
[Termination "Game drawn - insufficient material"]

1. d4 d5 2. Nf3 Nf6 3. c4 e6 4. Nc3 a6 5. c5 b6 6. cxb6 c5 7. Bf4 Nbd7 8. Bc7 Qe7 9. e3 Bb7 10. Be2 g6 11. O-O Bg7 12. dxc5 Qxc5 13. Rc1 Qe7 14.
a3 O-O 15. b4 Ne8 16. Na4 Rc8 17. Qd2 Nxc7 18. Rxc7 Rxc7 19. bxc7 Rc8 20. Rc1 Ne5 21. Nc5 Nxf3+ 22. Bxf3 Qxc7 23. Rd1 a5 24. Nxb7 Qxb7 25.
bxa5 Bc3 26. Qd3 Bxa5 27. e4 dxe4 28. Bxe4 Qc7 29. g3 Qc5 30. Qf3 Qe7 31. Rd3 Kg7 32. Rb3 Qf6 33. Qe2 Rc1+ 34. Kg2 Re1 35. Qc4 Qe5 36. Bc6 Bc7 37. Rb7 Bd6 38. Be8 Qe4+ 39.
Qxe4 Rxe4 40. Rxf7+ Kg8 41. Ra7 e5 42. a4 Re2 43.
Ra8 Kg7 44. Kf3 Rc2 45. a5 Bc5 46. a6 Rxf2+ 47. Ke4 Bd4 48. h4 Ra2 49. Bc6 h5 50. Bb7 Ra5 51. Rd8 Kf6 52. Rd7 Ra3 53. Rd6+ Kg7 54. Rd7+ Kf6 55. Rd6+ Kg7 56. Rd8 Kf6 57. Kd5 Ra5+ 58. Kc4 Ra3 59. Kb5 Rb3+ 60. Ka4 Rb1 61. Ka5 Ra1+ 62. Kb5 Rb1+ 63. Kc4 Rc1+ 64. Kd3 Ra1 65. Ke2 Ra2+ 66. Kf3 Ra3+ 67. Ke4 Ra4 68. Kd5 Ra3 69. Kc4 Rc3+ 70. Kb4 Rc1 71. Rxd4 exd4 72.
a7 Ra1 73. a8=Q Rxa8 74. Bxa8 g5 75. Kc4 gxh4 76. gxh4 Kf5 77. Bf3 Kf4 78. Bxh5 Kg3 79. Kxd4 Kxh4 1/2-1/2